 Dungeon Crawl Stone Soup version 0.31-a0-640-g39d97e502b (webtiles) character file.

Game seed: 3468217789655505525

25622 Shisa the Thaumaturge (level 13, 0/75 HPs)
             Began as a Djinni Fire Elementalist on Aug 27, 2023.
             Was a High Priest of Qazlal.
             Slain by a seven-headed hydra (5 damage)
             ... on level 2 of the Lair of Beasts on Aug 28, 2023.
             The game lasted 01:59:50 (16048 turns).

Shisa the Thaumaturge (Djinni Fire Elementalist)   Turns: 16048, Time: 01:59:50

Health: 0/75       AC: 19    Str:  7    XL:     13   Next: 51%
Gold:   618        EV: 17    Int: 29    God:    Qazlal [*****.] SH: 11 Dex: 15

rFire   + + +        E - staff of conjuration
rCold   x . .        (no shield)
rNeg    . . .        H - +2 robe {rF+}
rPois   ∞            i - +3 hat of Pondering {ponderous, Will+ MP+10 Int+5}
rElec   +            g - +0 cloak
rCorr   .            (no gloves)
SInv    .            (boots unavailable)
Will    ++...        M - amulet of reflection
Stlth   +            N - ring of Qyveluss {rElec AC+4 Int+3}
HPRegen 0.32/turn    J - +4 ring of protection
MPRegen 0.00/turn

%: repel missiles, reflection, infuse magic (-1 HP)
@: protected from physical damage, flying, slow
A: sickness immunity, fire resistance 2, cold vulnerability 1, float, innate
caster, HP casting, extra vitality 1
a: Renounce Religion, Upheaval, Elemental Force, Disaster Area


You were on level 2 of the Lair of Beasts.
You worshipped Qazlal.
Qazlal was extremely pleased with you.
You visited 3 branches of the dungeon, and saw 14 of its levels.
You also visited: Gauntlet.

You collected 795 gold pieces.
You spent 177 gold pieces at shops.

Inventory:

Hand Weapons
 f - a +2 dagger of flaming
 u - a +4 halberd
 v - a +4 spear of venom
 V - the +5 spear of the Forgotten Visions {flame, rPois Will- Int+2 Stlth+}
   (You took it off a minotaur in a Gauntlet)

   Int+2:     It affects your intelligence (+2).
   rPois:     It protects you from poison Will-: It decreases your willpower.
   Stlth+:    It makes you more stealthy.
Missiles
 h - 34 poisoned darts
 R - a throwing net
Armour
 a - a +0 robe
 g - a +0 cloak (worn)
 i - the +3 hat of Pondering (worn) {ponderous, Will+ MP+10 Int+5}
   (You took it off Gastronok on level 10 of the Dungeon)

   Int+5:     It affects your intelligence (+5).
   Will+:     It increases your willpower.
   MP+10:     It affects your magic capacity (+10).
 w - a +0 kite shield
 z - +0 steam dragon scales
 C - a +1 pair of boots
 G - a +2 robe of willpower
 H - a +2 robe of fire resistance (worn)
Magical Staves
 E - a staff of conjuration (weapon)
 Y - a staff of fire
Jewellery
 q - a ring of poison resistance
 y - an amulet of guardian spirit
 J - a +4 ring of protection (right hand)
 M - an amulet of reflection (around neck)
 N - the ring of Qyveluss (left hand) {rElec AC+4 Int+3}
   (You found it on level 9 of the Dungeon)

   [ring of protection]

   AC+4:      It affects your AC (+4).
   Int+3:     It affects your intelligence (+3).
   rElec:     It insulates you from electricity.
 T - the ring of Dein {rElec rF+ Dex+6}
   (You found it in a Gauntlet)

   [ring of dexterity]

   Dex+6:     It affects your dexterity (+6).
   rF+:       It protects you from fire.
   rElec:     It insulates you from electricity.
Talismans
 r - a maw talisman
Wands
 F - a wand of digging (4)
 O - a wand of quicksilver (15)
 X - a wand of flame (13)
 Z - a wand of iceblast (3)
Scrolls
 b - a scroll of brand weapon
 c - 3 scrolls of revelation
 d - 3 scrolls of noise
 e - 2 scrolls of teleportation
 k - a scroll of torment
 l - a scroll of fear
 n - 5 scrolls of fog
 o - 3 scrolls of blinking
 s - 2 scrolls of summoning {unknown}
 x - 2 scrolls of enchant armour {unknown}
 A - 2 scrolls of silence {unknown}
 D - 2 scrolls of vulnerability {unknown}
 K - 3 scrolls of immolation {unknown}
 Q - 2 scrolls of poison {unknown}
 S - a scroll of amnesia {unknown}
 W - 2 scrolls of identify
Potions
 j - 6 potions of curing
 m - a potion of berserk rage {unknown}
 p - 2 potions of degeneration
 t - 2 potions of brilliance
 B - 3 potions of heal wounds
 I - 2 potions of magic {unknown}
 L - a potion of resistance {unknown}
 P - a potion of attraction {unknown}
Miscellaneous
 U - a lightning rod (4/4)


   Skills:
 - Level 11.0 Dodging
 - Level 1.5 Stealth
 - Level 14.1 Spellcasting
 - Level 14.1 Conjurations
 - Level 14.1 Hexes
 - Level 14.1 Summonings
 - Level 14.1 Necromancy
 - Level 14.1 Translocations
 - Level 14.1 Transmutations
 - Level 14.1 Fire Magic
 - Level 14.1 Ice Magic
 - Level 14.1 Air Magic
 - Level 14.1 Earth Magic
 - Level 14.1 Poison Magic
 * Level 7.1 Invocations


You knew the following spells:

 Your Spells              Type           Power      Damage    Failure   Level
a - Foxfire               Conj/Fire      100%       2x1d9     0%          1
b - Scorch                Fire           100%       2d9       0%          2
c - Volatile Blastmotes   Fire/Tloc      100%       2d18      1%          3
d - Inner Flame           Hex/Fire       80%        N/A       1%          3
e - Flame Wave            Conj/Fire      100%       2d21      1%          4
f - Shock                 Conj/Air       100%       1d9       0%          1
g - Static Discharge      Conj/Air       100%       2-7/arc   0%          2
h - Teleport Other        Tloc           80%        N/A       1%          3
i - Manifold Assault      Tloc           80%        N/A       1%          4
j - Olgreb's Toxic Radia  Pois           80%        N/A       1%          4
k - Summon Mana Viper     Hex/Summ       80%        N/A       1%          5
Your spell library was empty.

Dungeon Overview and Level Annotations

Branches:
Dungeon (11/15)            Temple (1/1) D:5            Lair (2/5) D:11
Gauntlet (visited)
  Swamp: Lair:2-3    Shoals: Lair:2-3     Snake: Lair:2-3    Spider: Lair:2-3
    Orc: D:9-12

Altars:
Ashenzari
Cheibriados
Dithmenos
Elyvilon
Fedhas
Gozag
Hepliaklqana
Makhleb
Nemelex Xobeh
Okawaru
Qazlal
Ru
Trog
Uskayaw
Wu Jian
Xom
Yredelemnul
Zin
The Shining One

Shops:
D:1 **

Annotations:
Temple 2 transporters


Innate Abilities, Weirdness & Mutations

You are immune to sickness and miasma.
You are immune to poison.
Your flesh is very heat resistant. (rF++)
You are vulnerable to cold. (rC-)
You float through the air rather than walking.
You learn spells naturally, not from books.
Your magical power is your life essence.
You have superior vitality. (+4 MHP)


Message History

Press: ? - help, Shift-Dir - straight line, f/p - seven-headed hydra
Aim: a seven-headed hydra (sparse dust, chance to affect: 63%)
The seven-headed hydra resists with significant effort.
Read: 2 scrolls of fear
Press: ? - help, Q - select action, (/) - cycle Dir - look around, f - activate Look: a seven-headed hydra (chance to affect: 79%)
As you read the scroll of fear, it crumbles to dust.
You assume a fearsome visage.
The seven-headed hydra easily resists.
You block the seven-headed hydra's attack.
The seven-headed hydra bites you! The seven-headed hydra misses you.
The seven-headed hydra bites you. x2
* * * LOW HITPOINT WARNING * * *
The seven-headed hydra misses you. x2
Aiming: Iceblast
Press: ? - help, Q - select action, (/) - cycle Shift-Dir - straight line, f/p - seven-headed hydra
Aim: a seven-headed hydra
Okay, then.
Aiming: Iceblast
Press: ? - help, Q - select action, (/) - cycle Shift-Dir - straight line, p - seven-headed hydra The mass of ice explodes!
The iceblast engulfs the seven-headed hydra!
The seven-headed hydra is moderately wounded.
The seven-headed hydra bites you but does no damage.
You block the seven-headed hydra's attack.
The seven-headed hydra barely misses you.
The seven-headed hydra bites you.
* * * LOW HITPOINT WARNING * * *
The seven-headed hydra completely misses you.
The seven-headed hydra misses you. The seven-headed hydra bites you.
* * * LOW HITPOINT WARNING * * *
The seven-headed hydra attacks as it pursues you!
The seven-headed hydra bites you.
* * * LOW HITPOINT WARNING * * *
You feel protected from physical attacks.
The seven-headed hydra bites you.
* * * LOW HITPOINT WARNING * * *
The seven-headed hydra bites you but does no damage.
The seven-headed hydra bites you.
You die...

##...#.~._.~.....#
#.......~.~....###
#......~D~.~...#
##...###~.~##..#
#.....#...#...#
##.☼.§>.........#
#.........##....#
#P.○D#.##.##...##
##.@○### ## ..#
#..○# .. #.○.#
#...## ##..P#
#..### # #..÷##.#
##..<.# #..†.)#


You could see a seven-headed hydra.

Vanquished Creatures
  Gastronok (D:10)
  A minotaur (Gauntlet)
  Erolcha (D:10)
  A boulder beetle (Lair:2)
  2 two-headed ogres
  A soul eater (Gauntlet)
  The ghost of disskorpion the Fighter, a novice FoGl (D:8)
  2 wizards (Gauntlet)
  2 manticores (D:8)
  An ugly thing (D:10)
  A moth of wrath (Gauntlet)
  A cyclops (D:11)
  3 black mambas (Lair:1)
  Maggie (D:7)
  2 cane toads (Lair:1)
  A torpor snail (Lair:2)
  2 rime drakes (Lair:2)
  3 komodo dragons
  An unseen horror (D:11)
  A polar bear (Lair:1)
  Prince Ribbit (D:6)
  4 blink frogs (Lair:2)
  A vampire (D:11)
  A wraith (D:10)
  31 yaks
  A wyvern (D:11)
  3 basilisks
  4 slime creatures
  A steam dragon (D:11)
  3 nagas (Lair:2)
  2 acid dragons (D:11)
  7 water moccasins
  Duvessa (D:5)
  6 orc warriors
  2 ice beasts
  A sky beast (D:5)
  4 wolves (Gauntlet)
  4 ogres
  9 centaurs
  4 phantoms
  2 kobold brigands
  A gnoll sergeant (D:5)
  4 bullfrogs
  A scorpion (D:4)
  22 wights
  Dowan (D:5)
  A howler monkey (D:5)
  3 jellies
  4 hounds
  6 orc priests
  2 gnoll boudas
  A sleepcap (D:6)
  9 orc wizards
  Natasha (thrice) (D:2)
  4 iguanas
  16 gnolls
  12 adders
  6 shadow imps (Gauntlet)
  A white imp (Gauntlet)
  2 ufetubi (D:6)
  3 worms
  A dart slug (D:1)
  26 orcs
  4 endoplasms
  8 goblins
  7 hobgoblins
  14 kobolds
  7 quokkas
  10 ball pythons
  4 bats
  3 frilled lizards
  5 rats
312 creatures vanquished.

Vanquished Creatures (others)
  96 foxfires
96 creatures vanquished.

Grand Total: 408 creatures vanquished

Notes
Turn   | Place    | Note
-------+----------+-------------------------------------------
     0 | D:1      | Shisa the Djinni Fire Elementalist began the quest for the
                  | Orb.
     0 | D:1      | Shisa set off with the following spells memorised: Foxfire,
                  | Scorch, Volatile Blastmotes, Inner Flame, Flame Wave.
     0 | D:1      | Reached XP level 1. HP: 15/15 MP: 0/0
    58 | D:1      | Reached XP level 2. HP: 17/21 MP: 0/0
   108 | D:1      | Found Meintir's General Store.
   346 | D:1      | Reached XP level 3. HP: 25/25 MP: 0/0
   346 | D:1      | Learned a level 1 spell: Shock
   467 | D:1      | Found Jiur's General Store.
   994 | D:2      | Noticed Natasha
  1059 | D:2      | Found a stormy altar of Qazlal.
  1085 | D:2      | Became a worshipper of Qazlal Stormbringer
  1186 | D:2      | Killed Natasha
  1187 | D:2      | Reached XP level 4. HP: 10/31 MP: 0/0
  1326 | D:2      | Noticed Natasha
  1332 | D:2      | Killed Natasha
  1380 | D:2      | Reached XP level 5. HP: 32/35 MP: 0/0
  1380 | D:2      | Learned a level 2 spell: Static Discharge
  1917 | D:2      | Noticed Natasha
  1919 | D:2      | Killed Natasha
  2486 | D:3      | Found a shadowy altar of Dithmenos.
  2490 | D:3      | Reached skill level 5 in Spellcasting
  2490 | D:3      | Reached skill level 5 in Conjurations
  2490 | D:3      | Reached skill level 5 in Hexes
  2490 | D:3      | Reached skill level 5 in Summonings
  2490 | D:3      | Reached skill level 5 in Necromancy
  2490 | D:3      | Reached skill level 5 in Translocations
  2490 | D:3      | Reached skill level 5 in Transmutations
  2490 | D:3      | Reached skill level 5 in Fire Magic
  2490 | D:3      | Reached skill level 5 in Ice Magic
  2490 | D:3      | Reached skill level 5 in Air Magic
  2490 | D:3      | Reached skill level 5 in Earth Magic
  2490 | D:3      | Reached skill level 5 in Poison Magic
  2490 | D:3      | Reached XP level 6. HP: 32/40 MP: 0/0
  2494 | D:3      | Reached * piety under Qazlal
  2546 | D:3      | Found a hide-covered altar of Uskayaw.
  2546 | D:3      | Found an opulent altar of Gozag.
  2548 | D:3      | Found a hide-covered altar of Uskayaw.
  2548 | D:3      | Found a hazy altar of Hepliaklqana.
  2548 | D:3      | Found a shimmering altar of Xom.
  3257 | D:4      | Reached XP level 7. HP: 40/45 MP: 0/0
  3257 | D:4      | Learned a level 3 spell: Teleport Other
  3697 | D:5      | Entered Level 5 of the Dungeon
  3809 | D:5      | Reached XP level 8. HP: 47/50 MP: 0/0
  3929 | D:5      | Reached ** piety under Qazlal
  4215 | D:5      | Found a glowing drain.
  4221 | D:5      | Noticed Duvessa
  4224 | D:5      | Noticed Dowan
  4232 | D:5      | Killed Duvessa
  4446 | D:5      | Killed Dowan
  4447 | D:5      | Reached XP level 9. HP: 37/55 MP: 0/0
  4447 | D:5      | Learned a level 4 spell: Manifold Assault
  4794 | D:5      | Found a staircase to the Ecumenical Temple.
  4804 | Temple   | Found a transporter.
  4804 | Temple   | Found a transporter.
  4804 | Temple   | Found a transporter.
  4804 | Temple   | Found a transporter.
  4804 | Temple   | Entered the Ecumenical Temple
  5437 | D:6      | Found a snail-covered altar of Cheibriados.
  6203 | D:6      | Reached skill level 5 in Dodging
  6297 | D:6      | Found a bloodstained altar of Trog.
  6421 | D:6      | Noticed Prince Ribbit
  6424 | D:6      | Killed Prince Ribbit
  6657 | D:7      | Reached *** piety under Qazlal
  6757 | D:7      | Reached XP level 10. HP: 41/60 MP: 0/0
  6897 | D:7      | Found a sparkling altar of Nemelex Xobeh.
  7012 | D:7      | Noticed Maggie
  7644 | D:7      | Killed Maggie
  7901 | D:1      | Bought a +2 robe of fire resistance for 177 gold pieces
  8336 | D:8      | Reached skill level 10 in Dodging
  8485 | D:8      | Noticed a manticore
  8485 | D:8      | Noticed disskorpion's ghost (novice FoGl)
  8493 | D:8      | Noticed a manticore
  8539 | D:8      | Found a runed translucent gate.
  8539 | D:8      | Found a runed translucent gate.
  8541 | D:8      | Found a runed translucent gate.
  8824 | D:8      | Reached **** piety under Qazlal
  9672 | D:9      | Identified the ring of Qyveluss {rElec AC+4 Int+3}
  9763 | D:9      | Noticed a two-headed ogre
  9826 | D:9      | Killed a two-headed ogre
  9827 | D:9      | Reached XP level 11. HP: 44/65 MP: 0/0
  9827 | D:9      | Learned a level 4 spell: Olgreb's Toxic Radiance
 10017 | D:8      | Reached skill level 10 in Spellcasting
 10017 | D:8      | Reached skill level 10 in Conjurations
 10017 | D:8      | Reached skill level 10 in Hexes
 10017 | D:8      | Reached skill level 10 in Summonings
 10017 | D:8      | Reached skill level 10 in Necromancy
 10017 | D:8      | Reached skill level 10 in Translocations
 10017 | D:8      | Reached skill level 10 in Transmutations
 10017 | D:8      | Reached skill level 10 in Fire Magic
 10017 | D:8      | Reached skill level 10 in Ice Magic
 10017 | D:8      | Reached skill level 10 in Air Magic
 10017 | D:8      | Reached skill level 10 in Earth Magic
 10017 | D:8      | Reached skill level 10 in Poison Magic
 10017 | D:8      | Killed a manticore
 10140 | D:8      | Killed a manticore
 10378 | D:8      | HP: 3/65 [shot self (3)]
 10387 | D:8      | Killed disskorpion's ghost
 10711 | D:10     | Entered Level 10 of the Dungeon
 11010 | D:10     | Found a glowing silver altar of Zin.
 11011 | D:10     | Noticed Gastronok
 11050 | D:10     | Killed Gastronok
 11342 | D:10     | Noticed a two-headed ogre
 11351 | D:10     | Killed a two-headed ogre
 11615 | D:10     | Noticed a cyan ugly thing
 11775 | D:10     | Upgraded the game from 0.31-a0-638-g26219f789d to
                  | 0.31-a0-640-g39d97e502b
 11805 | D:10     | Noticed Erolcha
 11822 | D:10     | Killed Erolcha
 12124 | D:10     | Killed a cyan ugly thing
 12125 | D:10     | Reached XP level 12. HP: 43/70 MP: 0/0
 12440 | D:11     | Found a gate leading to a gauntlet.
 12680 | Gauntlet | Entered a Gauntlet
 12680 | Gauntlet | Found a transporter.
 12682 | Gauntlet | Found a large runed translucent door.
 12683 | Gauntlet | Found a large runed translucent door.
 12684 | Gauntlet | Found a large runed translucent door.
 12684 | Gauntlet | Found a large runed translucent door.
 12684 | Gauntlet | Found a runed translucent door.
 12685 | Gauntlet | Found a large runed translucent door.
 12686 | Gauntlet | Found a large runed translucent door.
 12687 | Gauntlet | Found a large runed translucent door.
 12687 | Gauntlet | Found a large runed translucent door.
 12688 | Gauntlet | Found a runed translucent gate.
 12688 | Gauntlet | Found a runed translucent gate.
 12690 | Gauntlet | Found a transporter.
 12695 | Gauntlet | Found a runed translucent gate.
 12695 | Gauntlet | Found a runed translucent door.
 12700 | Gauntlet | Found a large runed translucent door.
 12700 | Gauntlet | Found a large runed translucent door.
 12701 | Gauntlet | Found a large runed translucent door.
 12702 | Gauntlet | Found a large runed translucent door.
 12706 | Gauntlet | Found a transporter.
 12712 | Gauntlet | Found a transporter.
 12714 | Gauntlet | Noticed a fire crab
 12727 | Gauntlet | Found a transporter.
 12746 | Gauntlet | Found a transporter.
 12757 | Gauntlet | Noticed a blizzard demon
 12758 | Gauntlet | Found a transporter.
 12770 | Gauntlet | Found a transporter.
 12782 | Gauntlet | Found a transporter.
 12783 | Gauntlet | Noticed a cacodemon
 12794 | Gauntlet | Found a transporter.
 12812 | Gauntlet | Found a transporter.
 12829 | Gauntlet | Found a transporter.
 12831 | Gauntlet | Found a transporter.
 12845 | Gauntlet | Noticed a soul eater
 12857 | Gauntlet | Found a transporter.
 12859 | Gauntlet | Found a transporter.
 12861 | Gauntlet | Found a transporter.
 12888 | Gauntlet | Found a large runed translucent door.
 12888 | Gauntlet | Found a large runed translucent door.
 12889 | Gauntlet | Found a large runed translucent door.
 12890 | Gauntlet | Found a large runed translucent door.
 12892 | Gauntlet | Found a transporter.
 12894 | Gauntlet | Found a transporter.
 12979 | Gauntlet | Killed a soul eater
 13255 | Gauntlet | Identified the ring of Dein {rElec rF+ Dex+6}
 13280 | Gauntlet | Identified the +5 spear of the Forgotten Visions {flame,
                  | rPois Will- Int+2 Stlth+}
 13280 | Gauntlet | Noticed a minotaur
 13293 | Gauntlet | Killed a minotaur
 13913 | D:11     | Found a staircase to the Lair.
 14223 | Lair:1   | Entered Level 1 of the Lair of Beasts
 14512 | Lair:1   | Reached ***** piety under Qazlal
 14571 | Lair:1   | Reached XP level 13. HP: 49/75 MP: 0/0
 14571 | Lair:1   | Learned a level 5 spell: Summon Mana Viper
 15595 | Lair:2   | Reached skill level 5 in Invocations
 15735 | Lair:2   | Found a hide-covered altar of Uskayaw.
 15736 | Lair:2   | Found an ornate altar of the Wu Jian Council.
 15978 | Lair:2   | Noticed a seven-headed hydra
 16048 | Lair:2   | Slain by a seven-headed hydra

Illustrated notes

Levels and vault maps discovered:
D:1:      dpeg_arrival_more_subterranean_lakeside_camping, layout_basic,
          serial_shops, nicolae_shop_real_fake_doors,
          nicolae_shop_competitors_out_of_business
D:2:      layout_loops_ring, basic_altar, hex_tiny, uniq_natasha
D:3:      layout_basic, doesnt_xom_only_xom, chequers_garden,
          kennysheep_flooded_box
D:4:      layout_loops_ring
D:5:      layout_cave_pods, minmay_temple_entry_fiery, portal_sewer_entry_a,
          uniq_duvessa
D:6:      layout_basic, kennysheep_mini, amcnicky_altar_gilded,
          uniq_prince_ribbit1
D:7:      layout_loops_ring, mainiacjoe_overflow_concentric_impassable,
          uniq_maggie
D:8:      layout_basic, gammafunk_ghost_split
D:9:      layout_roguey, erik_orc_1, grunt_ministairs_15, grunt_decor_cap,
          minivault_13
D:10:     layout_loops_cross, zin_statuary, uniq_erolcha, uniq_gastronok
D:11:     layout_irregular_city, erik_lair_dragon, gauntlet_entry_generic
Temple:   hellmonk_temple_divided_pantheon
Lair:1:   layout_regular_city, beast_lair_carwin_11
Lair:2:   layout_concentric_octagons, elwin_shoals_entry_rocks,
          minmay_snake_entry_guardpost_small, gammafunk_ghost_split,
          nzn_masters_of_martial_movement

Skill      XL: |  1  2  3  4  5  6  7  8  9 10 11 12 13 |
---------------+----------------------------------------+-----
Spellcasting   | 4 5 7 8 9 12 13 14 | 14.1
Conjurations   | 4 5 7 8 9 12 13 14 | 14.1
Hexes          | 4 5 7 8 9 12 13 14 | 14.1
Summonings     | 4 5 7 8 9 12 13 14 | 14.1
Necromancy     | 4 5 7 8 9 12 13 14 | 14.1
Translocations | 4 5 7 8 9 12 13 14 | 14.1
Transmutations | 4 5 7 8 9 12 13 14 | 14.1
Fire Magic     | 4 5 7 8 9 12 13 14 | 14.1
Ice Magic      | 4 5 7 8 9 12 13 14 | 14.1
Air Magic      | 4 5 7 8 9 12 13 14 | 14.1
Earth Magic    | 4 5 7 8 9 12 13 14 | 14.1
Poison Magic   | 4 5 7 8 9 12 13 14 | 14.1
Dodging        | 7 11 | 11.0
Invocations    | 7 |  7.1
Stealth        | |  1.5

Action                     |  1- 3 |  4- 6 |  7- 9 | 10-12 | 13-15 || total
---------------------------+-------+-------+-------+-------+-------++-------
  Melee: Dagger            |       |     2 |     4 |       |       ||     6
         Staff             |       |       |       |     1 |       ||     1
  Throw: Throwing net      |       |       |       |     1 |       ||     1
   Cast: Foxfire           |    54 |     5 |     2 |       |       ||    61
         Scorch            |    11 |    16 |    38 |    81 |    27 ||   173
         Shock             |       |    43 |    89 |   111 |    28 ||   271
         Inner Flame       |       |    20 |    39 |    54 |    10 ||   123
         Static Discharge  |       |     3 |     7 |     6 |     2 ||    18
         Volatile Blastmot |       |     2 |     4 |    43 |     1 ||    50
         Teleport Other    |       |       |    11 |    31 |     5 ||    47
         Flame Wave        |       |       |     8 |    27 |     9 ||    44
         Manifold Assault  |       |       |     3 |       |       ||     3
         Olgreb's Toxic Ra |       |       |       |    37 |     4 ||    41
         Summon Mana Viper |       |       |       |       |     3 ||     3
  Evoke: Wand              |       |       |       |     1 |     1 ||     2
    Use: Scroll            |       |     5 |     1 |    11 |     1 ||    18
         Potion            |       |       |       |     1 |       ||     1
 Armour: Robe              |     1 |     2 |     2 |    21 |     6 ||    32
  Dodge: Dodged            |     6 |     9 |    25 |    72 |    20 ||   132
         Repelled          |       |       |       |     5 |     1 ||     6
  Block: Other             |       |       |     4 |    25 |    14 ||    43
         Reflection        |       |       |       |       |     2 ||     2

Table legend: (Time is in decaauts)
 A = Elapsed time spent in this place.
 B = Non-inter-level travel time spent in this place.
 C = Inter-level travel time spent in this place.
 D = Time resting spent in this place.
 E = Time spent auto-exploring this place.
 F = Levels seen in this place.
 G = Mean time per level.
                   A        B        C        D        E       F      G
               +--------+--------+--------+--------+--------+-----+--------+
         Total |  16344 |  15584 |    760 |   5143 |   5821 |  15 | 1089.6 |
       Dungeon |  13681 |  12940 |    741 |   4113 |   5278 |  11 | 1243.7 |
        Temple |      1 |      1 |      0 |      0 |      0 |   1 |    1.0 |
          Lair |   1826 |   1807 |     19 |    689 |    542 |   2 |  913.0 |
      Gauntlet |    834 |    834 |      0 |    341 |      0 |   1 |  834.0 |
               +--------+--------+--------+--------+--------+-----+--------+

Top non-repeatable levels by time:
     D:8: 2000 daAuts
     D:6: 1528 daAuts
    D:10: 1486 daAuts
     D:5: 1484 daAuts
     D:7: 1402 daAuts
  Lair:1: 1324 daAuts
    D:11: 1267 daAuts
     D:2: 1129 daAuts
     D:1: 1097 daAuts
     D:4: 902 daAuts
Gauntlet: 834 daAuts
     D:3: 751 daAuts
     D:9: 631 daAuts
  Lair:2: 502 daAuts
  Temple: 1 daAuts
